 Dungeon Crawl Stone Soup version 0.19-a0-642-g6dcb0f0 (webtiles) character file.

93 Magifyre the Conjurer (level 4, 0/24 HPs)
             Began as a Deep Elf Fire Elementalist on June 13, 2016.
             Slain by a river rat (9 damage)
             ... in a sewer on June 14, 2016.
             The game lasted 00:10:17 (2309 turns).

Magifyre the Conjurer (Deep Elf Fire Elementalist)  Turns: 2309, Time: 00:10:17

Health: 0/24       AC:  3    Str:  5    XL:     4   Next: 37%
Magic:  5/10       EV: 13    Int: 21    God:
Gold:   123        SH:  0    Dex: 15    Spells: 2 memorised, 6 levels left

rFire  . . .     SeeInvis .     (no weapon)
rCold  . . .     Gourm    .     a - +0 robe
rNeg   . . .     Faith    .     (no shield)
rPois  +         Spirit   .     (no helmet)
rElec  .         Dismiss  .     (no cloak)
rCorr  .         Reflect  .     (no gloves)
SustAt .         Harm     .     h - +0 pair of boots
MR     .....                    (no amulet)
Stlth  ++........               (no ring)
                                k - ring of poison resistance

@: not resistant to hostile enchantments, unstealthy
A: no striking features
a: no special abilities


You were in a sewer.
You were not hungry.

You visited 1 branch of the dungeon, and saw 3 of its levels.
You also visited: Sewer.

You collected 123 gold pieces.

Inventory:

Armour
 a - a +0 robe (worn)
 h - a +0 pair of boots (worn)
Jewellery
 k - a ring of poison resistance (left hand)
Scrolls
 d - a scroll of noise {unknown}
 f - 3 scrolls of teleportation {unknown}
 g - a scroll of recharging {unknown}
 l - 2 scrolls of fog {unknown}
Potions
 e - a potion of mutation {unknown}
 j - 2 potions of agility {unknown}
 n - 2 potions of invisibility {unknown}
 p - a potion of might {unknown}
 q - a potion of ambrosia {unknown}
Books
 b - a book of Flames

   Spells                             Type                      Level
   a - Flame Tongue                   Conjuration/Fire             1
   b - Throw Flame                    Conjuration/Fire             2
   c - Conjure Flame                  Conjuration/Fire             3
   d - Inner Flame                    Hexes/Fire                   3
   e - Sticky Flame                   Conjuration/Fire             4
   f - Fireball                       Conjuration/Fire             5
Comestibles
 c - 2 bread rations
 i - a royal jelly
 m - a meat ration
 o - 2 chunks of flesh


   Skills:
 - Level 2.4 Dodging
 - Level 2.4 Stealth
 - Level 3.0 Spellcasting
 * Level 4.7 Conjurations
 - Level 3.2 Fire Magic


You had 6 spell levels left.
You knew the following spells:

 Your Spells              Type           Power        Failure   Level  Hunger
a - Flame Tongue          Conj/Fire      ###..        2%          1    None
b - Throw Flame           Conj/Fire      ###...       4%          2    ##.....


Dungeon Overview and Level Annotations

Branches:
Dungeon (3/15)

Altars:
Gozag


Message History

Aiming: Flame Tongue
Press: ? - help, Shift-Dir - straight line, f - rat
Aim: a rat The flame tongue hits the rat.
You kill the rat!
Unknown command.
A river rat is nearby!
The river rat completely misses you. The river rat bites you.
The river rat closely misses you. The river rat bites you.
The river rat bites you. The river rat bites you!
The river rat closely misses you. The river rat misses you.
The river rat barely misses you. The river rat barely misses you.
The river rat bites you. The river rat bites you!
You die...

#≈#
#.#
#.#
#.#
#†#
#.#
#.#
#@#
#r#
#∩#
#.#
#.#
#.#
#.#
###


You could see a river rat.

Vanquished Creatures
  4 adders
  A river rat (Sewer)
  A worm (D:2)
  2 giant geckos
  An orc (D:3)
  A ball python (D:1)
  A bat (D:1)
  7 giant cockroaches
  5 goblins
  6 hobgoblins
  A quokka (D:2)
  A giant newt (D:1)
  3 kobolds (D:1)
  9 rats
43 creatures vanquished.

Notes
Turn   | Place    | Note
--------------------------------------------------------------
     0 | D:1      | Magifyre the Deep Elf Fire Elementalist began the quest for the Orb.
     0 | D:1      | Reached XP level 1. HP: 10/10 MP: 6/6
   180 | D:1      | Reached skill level 2 in Conjurations
   243 | D:1      | Reached XP level 2. HP: 15/15 MP: 6/8
   247 | D:1      | Learned a level 2 spell: Throw Flame
  1150 | D:2      | Reached skill level 3 in Conjurations
  1279 | D:2      | Reached XP level 3. HP: 19/19 MP: 0/9
  1800 | D:2      | Found an opulent altar of Gozag.
  1937 | D:3      | Reached skill level 4 in Conjurations
  1939 | D:3      | Reached XP level 4. HP: 24/24 MP: 1/10
  2273 | D:3      | Found a glowing drain.
  2279 | Sewer    | Entered a sewer
  2309 | Sewer    | Slain by a river rat

Vault maps used:
D:1:      matt_arrival_diagonals
D:2:      lemuel_coloured_pillars_altar
D:3:      kennysheep_the_goblin_king, first_bread, gup_sewer_entry_pipe
Sewer:    sewer_kobolds

Skill      XL: |  1  2  3 |
---------------+----------+-----
Conjurations   | 2 3 4 |  4.7
Dodging        | |  2.4
Stealth        | |  2.4
Spellcasting   | |  3.0
Fire Magic     | |  3.2

Action                   |  1- 3 |  4- 6 || total
-------------------------+-------+-------++-------
 Cast: Flame Tongue      |    37 |    10 ||    47
       Throw Flame       |    30 |    10 ||    40
  Eat: Chunk             |     4 |     2 ||     6
Armor: Robe              |     1 |       ||     1
Dodge: Dodged            |    10 |     6 ||    16
